 Dungeon Crawl Stone Soup version 0.26-a0-774-g1415c89e12 (webtiles) character file.

Game seed: 13286740763866033705

60 Kinoniko the Chopper (level 3, -2/33 HPs)
             Began as a Draconian Monk on Nov 9, 2020.
             Slain by a hobgoblin
             ... wielding a +0 club
              (6 damage)
             ... on level 2 of the Dungeon.
             The game lasted 00:01:16 (1710 turns).

Kinoniko the Chopper (Draconian Monk)               Turns: 1710, Time: 00:01:17

Health: -2/33      AC:  7    Str: 14    XL:     3   Next: 82%
Magic:  3/3        EV: 13    Int: 10    God:
Gold:   101        SH:  0    Dex: 13    Spells: 2/2 levels left

rFire    . . .     SeeInvis .   a - +0 hand axe
rCold    . . .     Faith    .   (no shield)
rNeg     . . .     Spirit   .   (armour unavailable)
rPois    .         Reflect  .   b - +1 hat
rElec    .         Harm     .   f - +0 cloak
rCorr    .         Rampage  .   (no gloves)
MR       .....                  (no boots)
Stlth    ++........             (no amulet)
HPRegen  0.11/turn              e - ring of flight
MPRegen  0.08/turn              (no ring)

@: slowed, very slow
A: unfitting armour, cold-blooded, AC +5
a: Evoke Flight


You were on level 2 of the Dungeon.
You visited 1 branch of the dungeon, and saw 2 of its levels.

You collected 101 gold pieces.

Inventory:

Hand Weapons
 a - a +0 hand axe (weapon)
Armour
 b - a +1 hat (worn)
 f - a +0 cloak (worn)
Jewellery
 e - a ring of flight (left hand)
Scrolls
 c - a scroll of fog {unknown}
 d - a scroll of enchant armour {unknown}
 g - a scroll of immolation {unknown}
 h - a scroll of fear {unknown}


   Skills:
 + Level 3.8 Fighting
 * Level 4.0 Axes
 + Level 3.2 Dodging
 - Level 1.7 Stealth


You had 2 spell levels left.
You didn't know any spells.
Your spell library was empty.

Dungeon Overview and Level Annotations

Branches:
Dungeon (2/15)

Altars:

Annotations:
D:2 Natasha


Innate Abilities, Weirdness & Mutations

Your plain brown scales are hard. (AC +5)
You cannot fit into any form of body armour.
You are cold-blooded and may be slowed by cold attacks.


Message History

Natasha is heavily wounded.
You hit the hobgoblin. The hobgoblin barely misses you. Natasha claws you.
The giant cockroach waves its antennae.
The hobgoblin hits you with a +0 club.
You hit Natasha. You tail-slap Natasha.
Natasha is severely wounded.
You hit the hobgoblin but do no damage.
Natasha hisses.
Natasha claws you. The hobgoblin hits you with a +0 club. Natasha claws you.
You are too injured to fight recklessly!
You are too injured to fight recklessly!
You are too injured to fight recklessly!
Unknown command.
You barely miss Natasha.
Your tail-slap misses Natasha.
Natasha is severely wounded.
You hit the hobgoblin but do no damage. The hobgoblin hits you with a +0 club!
* * * LOW HITPOINT WARNING * * *
Natasha casts a spell.
The hobgoblin hits you with a +0 club.
You die...

........##....##.###.######
#..# #############........#
#..# ####.##### #.. #.# #.#
#.# #<# #5# #@#
......hg...#
.........#..... ....$.....
#### #...##...## #### ##.##
#.# #.#


You could see Natasha, a crimson imp (summoned) and a hobgoblin.

Vanquished Creatures
  Natasha (D:2)
  A dart slug (D:2)
  3 leopard geckos (D:1)
  2 giant cockroaches (D:1)
  A goblin (D:1)
  5 hobgoblins
  3 jackals (D:1)
  2 kobolds (D:1)
  A quokka (D:2)
  2 bats (D:1)
  3 frilled lizards
  4 rats (D:1)
28 creatures vanquished.

Notes
Turn   | Place    | Note
-------+----------+-------------------------------------------
     0 | D:1      | Kinoniko the Draconian Monk began the quest for the Orb.
     0 | D:1      | Reached XP level 1. HP: 19/19 MP: 1/1
   183 | D:1      | Reached XP level 2. HP: 24/26 MP: 2/2
  1265 | D:2      | Reached XP level 3. HP: 27/31 MP: 3/3
  1353 | D:2      | Noticed Natasha
  1370 | D:2      | Killed Natasha
  1370 | D:2      | Reached skill level 4 in Axes
  1700 | D:2      | Noticed Natasha
  1710 | D:2      | Slain by a hobgoblin

Illustrated notes

Levels and vault maps discovered:
D:1:      lemuel_arrival_rhombus, layout_loops_ring, minmay_misc_feat_x,
          serial_park_tiny_2
D:2:      minmay_alternating_diamond, layout_loops_corners, uniq_natasha

Skill      XL: |  1  2  3 |
---------------+----------+-----
Dodging        | 3 |  3.2
Axes           | 4 |  4.0
Fighting       | |  3.8
Stealth        | |  1.7

Action                   || total
-------------------------++-------
Melee: Hand axe          ||   132
       Tailslap          ||    15
 Stab: Sleeping          ||     7
Armor: Skin              ||    40
Dodge: Dodged            ||   108

Table legend: (Time is in decaauts)
 A = Elapsed time spent in this place.
 B = Non-inter-level travel time spent in this place.
 C = Inter-level travel time spent in this place.
 D = Time resting spent in this place.
 E = Time spent auto-exploring this place.
 F = Levels seen in this place.
 G = Mean time per level.
                   A        B        C        D        E       F      G
               +--------+--------+--------+--------+--------+-----+--------+
         Total |   1729 |   1709 |     20 |    528 |    882 |   2 |  864.5 |
       Dungeon |   1729 |   1709 |     20 |    528 |    882 |   2 |  864.5 |
               +--------+--------+--------+--------+--------+-----+--------+

Top non-repeatable levels by time:
     D:1: 1244 daAuts
     D:2: 485 daAuts
